 Dungeon Crawl Stone Soup version 0.28.0-53-g5a82cb258f (webtiles) character file.

Game seed: 709877371345650102

235 Descartes the Sneak (level 6, 0/39 HPs)
             Began as an Octopode Wanderer on June 22, 2022.
             Killed by a bolt of acid (39 damage)
             ... invoked by the enmity of Fedhas Madash
             ... on level 3 of the Dungeon.
             The game lasted 00:04:03 (3565 turns).

Descartes the Sneak (Octopode Wanderer)             Turns: 3565, Time: 00:04:04

Health: 0/39       AC:  1    Str: 11    XL:     6   Next: 5%
Magic:  18/18      EV: 13    Int: 11    God:
Gold:   68         SH:  0    Dex: 17    Spells: 9/9 levels left

rFire   . . .      SeeInvis .   a - +0 dagger
rCold   . . .      Faith    .   (no shield)
rNeg    . . .      Spirit   .   (helmet restricted)
rPois   .          Reflect  .   (no amulet)
rElec   .          Harm     .   s - ring of magical power
rCorr   .          Rampage  .   (no ring)
Will    .....                   (no ring)
Stlth   ++++......              (no ring)
HPRegen 0.13/turn               (no ring)
MPRegen 0.16/turn               (no ring)
                                (no ring)
                                (no ring)

@: no status effects
A: almost no armour, amphibious, 8 rings, camouflage 1, gelatinous body 1,
(nimble swimmer 1), tentacles
a: no special abilities


You were on level 3 of the Dungeon.
You visited 1 branch of the dungeon, and saw 3 of its levels.

You collected 68 gold pieces.

Inventory:

Hand Weapons
 a - a +0 dagger (weapon)
 d - a +0 short sword
 p - a +2 whip of flaming
Missiles
 b - an atropa-tipped dart (quivered)
 c - 2 datura-tipped darts
 f - 75 stones
 k - 3 poisoned darts
Magical Staves
 i - a staff of poison
Jewellery
 n - a ring of fire
 s - a ring of magical power (left tentacle)
Wands
 e - a wand of polymorph (3)
 r - a wand of digging (3)
Scrolls
 g - a scroll of torment {unknown}
 l - a scroll of fear {unknown}
 o - a scroll of enchant armour {unknown}
 q - a scroll of silence {unknown}
 u - a scroll of amnesia {unknown}
Potions
 h - 2 potions of flight {unknown}
 j - a potion of degeneration {unknown}
 m - a potion of magic {unknown}
 t - a potion of heal wounds {unknown}
 v - a potion of curing {unknown}


   Skills:
 - Level 2.0 Fighting
 + Level 3.2 Short Blades
 + Level 2.2 Dodging
 + Level 5.4 Stealth
 + Level 2.4 Spellcasting
 + Level 3.5 Evocations


You had 9 spell levels left.
You didn't know any spells.
Your spell library contained the following spells:

 Spells                   Type           Power      Damage    Failure   Level
 Cause Fear               Hex            0%         N/A       95%         4
 Dragon Form              Tmut           0%         N/A       100%        7
 Dragon's Call            Summ           0%         N/A       100%        9


Dungeon Overview and Level Annotations

Branches:
Dungeon (3/15)

Altars:
Elyvilon
Fedhas
Okawaru

Annotations:
D:3 1 runed translucent door, Crazy Yiuf


Innate Abilities, Weirdness & Mutations

You cannot wear most types of armour.
You are amphibious.
You can wear up to eight rings at the same time.
Your skin changes colour to match your surroundings (Stealth+).
Your rubbery body absorbs attacks. (AC +1, EV +1)
((You are camouflaged when in or above water. (Stealth+)))
You have tentacles for arms and can constrict up to eight enemies at once.


Message History

You constrict the hobgoblin. The hobgoblin hits you.
You hit the hobgoblin but do no damage.
The hobgoblin is moderately wounded.
You constrict the hobgoblin. You hit the hobgoblin.
The hobgoblin is almost dead.
You constrict the hobgoblin.
You kill the hobgoblin!
No target in view!
No target in view!
No target in view!
No target in view!
Fedhas invokes nature against you. The bolt of acid hits you!
The acid corrodes you!
Unknown command.
You are no longer corroded.
You see here a +0 pair of gloves.
You see here a +0 club.
Sigmund the Dreaded comes into view.
He is wielding a +0 scythe.
Found an escape hatch in the ceiling.
The helpless Sigmund fails to defend himself.
You impale Sigmund!!
You kill Sigmund!
Your Short Blades skill increases to level 3!
Your Dodging skill increases to level 2!
Your Stealth skill increases to level 5!
Your Spellcasting skill increases to level 2!
Your Evocations skill increases to level 3!
You have reached level 5!
You feel agile.
You have reached level 6!
v - a dark potion
Things that are here:
a +0 scythe; a +0 robe; the human corpse of Sigmund Fedhas invokes nature against you.
The volley of thorns hits you! Fedhas invokes nature against you.
The bolt of acid hits you!!!
Ouch! That really hurt!
You die...

######
########.....
#######........####
#.......#####..####
#.#####.##........#
#.##....)..##..##..
#.#.....#####..####
#.......#####......
##@###........#####
#.# #..#######
#.###..#
#......##########
##........#.....#
##..####.#.....#
#..####.#.....#
#....##.#.....#
#.##.##.#.....##


You could see the enmity of Fedhas Madash (unaware).

Vanquished Creatures
  Sigmund (D:3)
  An adder (D:3)
  2 worms (D:2)
  3 orcs (D:3)
  3 endoplasms
  5 giant cockroaches
  5 goblins
  5 hobgoblins
  4 jackals (D:1)
  5 quokkas
  3 ball pythons (D:1)
  7 bats
  A frilled lizard (D:3)
  7 kobolds
  3 rats
55 creatures vanquished.

Vanquished Creatures (others)
  A ball python (D:3)
  8 fungi
  9 plants (D:1)
18 creatures vanquished.

Grand Total: 73 creatures vanquished

Notes
Turn   | Place    | Note
-------+----------+-------------------------------------------
     0 | D:1      | Descartes the Octopode Wanderer began the quest for the
                  | Orb.
     0 | D:1      | Descartes set off with the following items: a +0 dagger, an
                  | atropa-tipped dart, 2 datura-tipped darts, a +0 short
                  | sword, a wand of polymorph (3)
     0 | D:1      | Reached XP level 1. HP: 14/14 MP: 2/2
   140 | D:1      | Reached XP level 2. HP: 14/19 MP: 3/3
   443 | D:1      | Reached XP level 3. HP: 4/24 MP: 5/5
   848 | D:1      | Found a faded altar of an unknown god.
   851 | D:1      | Prayed at the altar of an unknown god.
   851 | D:1      | Became a worshipper of Fedhas Madash
   851 | D:1      | Reached * piety under Fedhas
   949 | D:1      | Reached skill level 1 in Dodging
   950 | D:1      | Fell from the grace of Fedhas
  2498 | D:3      | Reached XP level 4. HP: 28/29 MP: 6/6
  2507 | D:3      | Found an iron altar of Okawaru.
  2982 | D:3      | Found a white marble altar of Elyvilon.
  3163 | D:3      | Found a runed translucent door.
  3164 | D:3      | Noticed Crazy Yiuf
  3429 | D:3      | Noticed Sigmund
  3436 | D:3      | Killed Sigmund
  3437 | D:3      | Reached skill level 5 in Stealth
  3437 | D:3      | Reached XP level 5. HP: 34/34 MP: 8/8
  3437 | D:3      | Reached XP level 6. HP: 39/39 MP: 9/9
  3565 | D:3      | Killed by a bolt of acid

Illustrated notes

Levels and vault maps discovered:
D:1:      erik_arrival_triangle_medium, layout_rooms,
          shapermc_ecumenical_altar_mp_urbaneastern
D:2:      layout_loops_ring
D:3:      layout_loops_cross, mainiacjoe_overflow_chevrons, elyvilon_altar_4,
          uniq_crazy_yiuf_cottage, uniq_sigmund

Skill      XL: |  1  2  3  4 |
---------------+-------------+-----
Dodging        | 1 2 |  2.2
Short Blades   | 3 |  3.2
Stealth        | 5 |  5.4
Spellcasting   | 2 |  2.4
Evocations     | 3 |  3.5
Fighting       | |  2.0

Action                   |  1- 3 |  4- 6 || total
-------------------------+-------+-------++-------
Melee: Dagger            |    96 |    28 ||   124
       Constrict         |    26 |     9 ||    35
       Tentacles         |    20 |     7 ||    27
       Punch             |     2 |       ||     2
Invok: Renounce Religion |     1 |       ||     1
 Stab: Sleeping          |    10 |     3 ||    13
Armor: Skin              |     5 |     2 ||     7
Dodge: Dodged            |    45 |    13 ||    58
